[ AOE2 MATCH · #507315813 ]
UnrankedGoths vs Berbers
Player's team · LOSS
Rival team · WIN
[ REPLAY ANALYSIS · EXTRACTED FROM THE RECORDED GAME ]
Feudal
11:04
Castle
—
Imperial
—
| APM avg | 53.3 |
| APM peak | 80 |
| eAPM avg | 21.7 |
| Villagers / military | 39 / 8 |
Focus
⚔️ 38.6% · 🌾 61.4%
Militia ×4 · Spearman ×3 · Archer ×1
Feudal
8:50
Castle
—
Imperial
—
| APM avg | 91.4 |
| APM peak | 127 |
| eAPM avg | 30.2 |
| Villagers / military | 32 / 4 |
Focus
⚔️ 34.8% · 🌾 65.2%
Scout Cavalry ×4
Match map
Initial resources + every placement click. Lines = walls · curves = elevation contours. ◆ gold · ⬟ stone · ● berries · ✦ relic · ◌ wall gap
Your base· Open — unwalled flank
SalzZ_classicpro's base· Open — unwalled flank
Smoothed initial terrain · ◌ = detected wall gap · hover for details
Inputs per minute
— DK | Mauseren - - SalzZ_classicpro
Build order — DK | Mauseren
70 actions detected in the replay
| 0:00 | Create | Villager (Male) |
| 0:00 | Create | Villager (Male) |
| 0:01 | Create | Villager (Male) |
| 0:02 | Build | House |
| 0:02 | Build | House |
| 0:14 | Create | Villager (Male) |
| 1:28 | Build | Lumber Camp |
| 1:32 | Create | Villager (Male) |
| 2:03 | Create | Villager (Male) |
| 2:36 | Create | Villager (Male) |
| 3:07 | Research | Loom |
| 3:11 | Create | Villager (Male) |
| 3:33 | Create | Villager (Male) |
| 3:58 | Build | House |
| 4:02 | Create | Villager (Male) |
| 4:15 | Build | Barracks |
| 4:27 | Create | Villager (Male) |
| 4:49 | Create | Villager (Male) |
| 5:00 | Create | Militia |
| 5:11 | Create | Villager (Male) |
| 5:24 | Build | House |
| 5:40 | Create | Villager (Male) |
| 5:56 | Create | Militia |
| 6:07 | Create | Villager (Male) |
| 6:13 | Build | Mill |
| 6:44 | Create | Villager (Male) |
| 6:44 | Create | Villager (Male) |
| 7:06 | Create | Villager (Male) |
| 7:13 | Build | House |
| 7:27 | Create | Villager (Male) |
| 7:57 | Create | Villager (Male) |
| 8:49 | Create | Villager (Male) |
| 8:54 | Research | Feudal Age |
| 9:02 | Create | Villager (Male) |
| 9:11 | Create | Villager (Male) |
| 9:16 | Build | Mining Camp |
| 9:34 | Build | Mill |
| 9:35 | Create | Villager (Male) |
| 10:14 | Create | Villager (Male) |
| 10:16 | Create | Militia |
| 10:17 | Create | Militia |
| 10:28 | Create | Villager (Male) |
| 11:04 | Age | Feudal Age |
| 11:07 | Create | Spearman |
| 11:09 | Create | Villager (Male) |
| 11:12 | Create | Villager (Male) |
| 11:13 | Create | Villager (Male) |
| 11:14 | Create | Villager (Male) |
| 11:23 | Create | Villager (Male) |
| 11:31 | Create | Villager (Male) |
| 11:36 | Research | Double-Bit Axe |
| 11:40 | Build | Farm |
| 11:41 | Build | Farm |
| 11:41 | Create | Villager (Male) |
| 11:45 | Build | Archery Range |
| 11:55 | Create | Villager (Male) |
| 12:02 | Create | Spearman |
| 12:04 | Build | Farm |
| 12:05 | Create | Villager (Male) |
| 12:16 | Build | Lumber Camp |
| 12:18 | Create | Villager (Male) |
| 12:26 | Build | House |
| 12:28 | Create | Archer |
| 12:32 | Create | Spearman |
| 12:34 | Create | Villager (Male) |
| 12:36 | Build | House |
| 12:36 | Create | Villager (Male) |
| 12:37 | Create | Villager (Male) |
| 12:39 | Build | Palisade Wall |
| 12:40 | Build | Palisade Wall |
Build order — SalzZ_classicpro
71 actions detected in the replay
| 0:00 | Create | Villager (Male) |
| 0:00 | Create | Villager (Male) |
| 0:01 | Build | House |
| 0:02 | Build | House |
| 0:06 | Create | Villager (Male) |
| 0:14 | Create | Villager (Male) |
| 1:25 | Create | Villager (Male) |
| 1:56 | Create | Villager (Male) |
| 1:56 | Create | Villager (Male) |
| 2:10 | Create | Villager (Male) |
| 2:10 | Create | Villager (Male) |
| 2:37 | Create | Villager (Male) |
| 2:40 | Build | Mill |
| 3:10 | Create | Villager (Male) |
| 3:31 | Create | Villager (Male) |
| 3:44 | Build | House |
| 3:50 | Create | Villager (Male) |
| 3:51 | Create | Villager (Male) |
| 4:17 | Create | Villager (Male) |
| 4:18 | Create | Villager (Male) |
| 4:18 | Create | Villager (Male) |
| 4:18 | Create | Villager (Male) |
| 4:51 | Create | Villager (Male) |
| 5:04 | Build | Lumber Camp |
| 5:04 | Create | Villager (Male) |
| 5:41 | Research | Loom |
| 6:36 | Research | Feudal Age |
| 6:54 | Build | Palisade Wall |
| 6:54 | Build | Palisade Wall |
| 7:48 | Build | Barracks |
| 7:59 | Build | House |
| 8:11 | Create | Villager (Male) |
| 8:50 | Age | Feudal Age |
| 8:57 | Build | Stable |
| 9:07 | Create | Villager (Male) |
| 9:15 | Research | Double-Bit Axe |
| 9:16 | Research | Double-Bit Axe |
| 9:18 | Create | Villager (Male) |
| 9:21 | Build | House |
| 9:22 | Build | Palisade Wall |
| 9:36 | Create | Scout Cavalry |
| 9:36 | Create | Scout Cavalry |
| 9:43 | Create | Villager (Male) |
| 9:56 | Create | Villager (Male) |
| 9:58 | Build | Mill |
| 10:10 | Build | House |
| 10:10 | Build | Palisade Wall |
| 10:13 | Create | Scout Cavalry |
| 10:16 | Build | Farm |
| 10:26 | Build | Farm |
| 10:39 | Build | Farm |
| 10:41 | Create | Scout Cavalry |
| 10:54 | Build | House |
| 11:01 | Build | Farm |
| 11:03 | Create | Villager (Male) |
| 11:32 | Build | House |
| 11:34 | Create | Villager (Male) |
| 11:35 | Build | Farm |
| 11:37 | Build | Farm |
| 11:38 | Build | Farm |
| 11:43 | Build | Farm |
| 11:51 | Create | Villager (Male) |
| 12:01 | Build | Farm |
| 12:08 | Create | Villager (Male) |
| 12:10 | Build | House |
| 12:11 | Build | House |
| 12:34 | Research | Horse Collar |
| 12:34 | Research | Horse Collar |
| 12:47 | Create | Villager (Male) |
| 12:51 | Create | Villager (Male) |
| 13:01 | Create | Villager (Male) |
Match timeline
| 4:15 | DK | Mauseren · first_building Barracks |
| 6:54 | SalzZ_classicpro · wall_segment Palisade Wall x1 |
| 6:54 | SalzZ_classicpro · wall_segment Palisade Wall x1 |
| 7:48 | SalzZ_classicpro · first_building Barracks |
| 8:50 | SalzZ_classicpro · age_up feudal |
| 8:57 | SalzZ_classicpro · first_building Stable |
| 9:22 | SalzZ_classicpro · wall_segment Palisade Wall x1 |
| 10:10 | SalzZ_classicpro · wall_segment Palisade Wall x1 |
| 11:04 | DK | Mauseren · age_up feudal |
| 11:45 | DK | Mauseren · first_building Archery Range |
| 12:39 | DK | Mauseren · wall_segment Palisade Wall x1 |
| 12:40 | DK | Mauseren · wall_segment Palisade Wall x1 |
| 13:03 | DK | Mauseren · resign |
[ AI ANALYSIS · 1 CREDIT ]
What really happened in this match?
Wolo.gg analyzes every decision: build order, eco, micro, common mistakes by bracket. Personalized analysis on WhatsApp or Discord in 30 seconds.
Civ guide
Goths
Perfil
Jugador #10840748